Map: Submarine LE

Players

Serral - Winner!

  • Race: Zerg Zerg
  • Spawn Location: 11:00

Solar

  • Race: Zerg Zerg
  • League: Master
  • Spawn Location: 5:00

VOD

Have the link to the VOD?

Description

Time

  • Played on: Jan. 15, 2021, 9:40 a.m.
  • Length: 14:58
Show
View Real Time Build Order
Export as new Build Order

Serral Zerg - Winner!

Build Orders: Pool First 

Get SALT Encoding   

  12  0:00  Drone  
  13  0:12  Overlord  
  13  0:17  Drone  
  14  0:31  Drone x2  
  14  0:35  Drone  
  17  0:44  Spawning Pool  
  17  0:48  Drone  
  17  1:07  Hatchery  
  17  1:11  Drone  
  17  1:12  Extractor  
  17  1:16  Drone  
  17  1:18  Drone  
  18  1:28  Drone  
  18  1:32  Queen  
  21  1:39  Overlord  
  21  1:51  Zergling x2  
  23  2:01  Drone  
  23  2:07  Queen  
  25  2:11  Drone, Metabolic Boost  
  26  2:19  Drone  
  26  2:20  Queen  
  26  2:22  Drone  
  30  2:30  Drone  
  30  2:35  Overlord  
  31  2:38  Baneling Nest  
  31  2:41  Drone x2  
  31  2:43  Drone  
  33  2:47  Drone  
  33  2:51  Zergling x2  
  34  2:55  Zergling x2  
  35  3:06  Zergling x2, Hatchery  
  35  3:09  Zergling x2  
  35  3:11  Zergling x2  
  37  3:16  Drone  
  37  3:17  Overlord  
  38  3:22  Baneling  
  38  3:25  Drone  
  38  3:26  Drone x2  
  41  3:30  Zergling x2  
  41  3:32  Baneling x2  
  41  3:33  Drone  
  43  3:45  Drone x3  
  43  3:46  Roach Warren  
  45  3:52  Drone x3  
  48  3:58  Evolution Chamber  
  48  4:00  Drone x3  
  50  4:06  Overlord  
  50  4:07  Overlord  
  50  4:12  Drone x2  
  51  4:17  Overlord  
  51  4:20  Queen  
  51  4:22  Zergling x2  
  54  4:24  Zerg Missile Weapons Level 1  
  54  4:26  Baneling  
  54  4:27  Drone  
  54  4:29  Drone  
  54  4:30  Drone  
  57  4:35  Drone x3  
  57  4:36  Drone  
  61  4:41  Extractor  
  61  4:42  Lair, Extractor  
  61  4:45  Drone  
  60  4:49  Overlord  
  60  4:51  Zergling x4  
  62  4:58  Queen x2  
  62  4:59  Drone  
  67  5:02  Drone x2  
  69  5:07  Zergling x2  
  69  5:08  Zergling x2  
  69  5:09  Overlord  
  69  5:13  Drone x3  
  69  5:14  Drone  
  75  5:16  Extractor, Drone  
  75  5:18  Drone x2  
  75  5:19  Drone  
  78  5:23  Roach x2  
  78  5:27  Drone x3  
  78  5:28  Drone  
  85  5:34  Spore Crawler  
  84  5:38  Overlord  
  84  5:39  Queen  
  84  5:42  Overseer  
  86  5:43  Glial Reconstitution  
  86  5:45  Queen  
  86  5:47  Drone  
  86  5:48  Spore Crawler  
  86  5:49  Spore Crawler  
  87  5:56  Drone x2  
  89  5:57  Drone  
  89  5:58  Drone x2  
  89  5:59  Infestation Pit  
  91  6:05  Roach x4  
  91  6:07  Drone x2  
  101  6:12  Overlord, Spore Crawler  
  101  6:14  Overlord  
  100  6:19  Spore Crawler  
  100  6:23  Overlord, Extractor  
  100  6:24  Extractor  
  100  6:25  Zerg Missile Weapons Level 2, Spore Crawler  
  96  6:32  Drone x6  
  100  6:34  Drone  
  99  6:42  Overlord x2  
  99  6:43  Overlord, Drone  
  99  6:44  Roach  
  99  6:45  Roach  
  105  6:49  Roach x2  
  105  6:54  Roach x2  
  112  6:57  Roach  
  112  7:00  Overlord  
  114  7:02  Roach x3  
  114  7:07  Roach x3  
  126  7:09  Overseer  
  126  7:13  Hive  
  125  7:16  Evolution Chamber  
  125  7:17  Infestor x2  
  127  7:25  Roach x4  
  127  7:28  Ravager x3  
  137  7:33  Roach x2  
  137  7:34  Roach x2  
  145  7:38  Overlord x2  
  145  7:43  Zerg Ground Armor Level 1, Overlord  
  145  7:55  Overlord  
  145  7:58  Roach x4  
  153  8:00  Roach  
  153  8:03  Roach x2  
  153  8:04  Hatchery  
  160  8:05  Ravager  
  160  8:06  Ravager x2  
  160  8:09  Overlord x2  
  160  8:11  Pneumatized Carapace  
  161  8:21  Roach x4  
  168  8:31  Roach x7  
  168  8:32  Roach  
  184  8:44  Hydralisk Den, Overlord  
  184  8:45  Overlord  
  184  8:46  Overseer  
  184  8:47  Overlord  
  179  8:59  Roach  
  179  9:00  Roach x7  
  173  9:07  Roach x3  
  172  9:11  Overseer  
  172  9:13  Roach x3  
  172  9:16  Infestor  
  180  9:21  Ravager  
  180  9:22  Overseer  
  179  9:26  Extractor  
  179  9:27  Drone x3  
  179  9:29  Ravager  
  179  9:30  Roach  
  179  9:31  Roach x2  
  188  9:35  Roach x3  
  188  9:48  Roach x8  
  186  9:53  Roach  
  186  9:54  Roach x2  
  192  10:01  Roach  
  192  10:02  Roach x2  
  192  10:05  Ravager  
  199  10:07  Grooved Spines  
  199  10:15  Extractor  
  199  10:17  Drone x3  
  199  10:20  Zerg Missile Weapons Level 3  
  191  10:41  Hydralisk  
  191  10:42  Hydralisk x7  
  184  10:52  Hydralisk  
  184  10:53  Hydralisk  
  182  11:01  Hydralisk x3  
  182  11:02  Hydralisk x3  
  173  11:14  Hydralisk x3  
  173  11:15  Hydralisk  
  181  11:22  Overlord x2, Hatchery  
  180  11:27  Roach x2  
  184  11:36  Roach x4  
  185  11:41  Roach x5  
  193  11:49  Zerg Ground Armor Level 2  
  193  11:53  Burrow  
  187  12:06  Hatchery  
  187  12:08  Muscular Augments  
  186  12:13  Roach x3  
  192  12:24  Roach  
  180  12:32  Roach x4  
  180  12:33  Roach x3  
  194  12:39  Overlord  
  184  12:53  Hydralisk x5  
  173  13:04  Hydralisk x2  
  173  13:05  Hydralisk x2  
  181  13:13  Roach Warren  
  164  13:21  Hydralisk x3  
  164  13:24  Roach x11  
  164  13:26  Hydralisk  
  149  13:33  Roach x4, Hydralisk x2  
  149  13:34  Hydralisk  
  157  13:44  Hydralisk  
  157  13:45  Hydralisk x3  
  165  13:59  Roach x3  
  165  14:00  Roach x5  
  173  14:11  Roach x5  
  169  14:22  Roach  
  169  14:23  Roach  
  146  14:27  Roach x3  
  146  14:28  Roach  
  130  14:43  Ravager x4  
Show
View Real Time Build Order
Export as new Build Order

Solar Zerg 

Build Orders: Hatch First 

Get SALT Encoding   

  12  0:00  Drone  
  13  0:12  Overlord  
  13  0:17  Drone  
  14  0:31  Drone x2  
  16  0:47  Hatchery  
  15  0:51  Drone  
  15  0:54  Drone  
  17  0:58  Drone  
  18  1:05  Extractor  
  17  1:13  Spawning Pool  
  17  1:16  Drone  
  17  1:19  Drone  
  18  1:27  Drone  
  19  1:40  Drone  
  20  1:51  Drone  
  21  2:00  Queen  
  21  2:01  Queen  
  23  2:02  Zergling x2, Overlord  
  26  2:11  Metabolic Boost  
  26  2:12  Drone x2  
  28  2:22  Zergling x2  
  29  2:23  Drone  
  29  2:29  Baneling Nest  
  29  2:32  Drone  
  29  2:33  Zergling x2  
  31  2:42  Overlord  
  31  2:43  Drone  
  31  2:53  Drone  
  32  2:59  Drone  
  33  3:08  Zergling x8  
  33  3:09  Zergling x4  
  39  3:13  Baneling  
  39  3:14  Drone x2, Baneling  
  39  3:15  Overlord  
  39  3:16  Queen  
  43  3:23  Lair  
  43  3:25  Extractor  
  43  3:26  Drone  
  43  3:29  Drone  
  43  3:32  Overlord  
  44  3:38  Drone  
  44  3:39  Drone  
  46  3:44  Drone x2  
  46  3:45  Drone  
  46  3:48  Drone  
  49  3:53  Drone x2  
  49  3:55  Zergling x2  
  52  3:58  Extractor, Overlord  
  52  3:59  Extractor  
  52  4:00  Drone  
  51  4:04  Drone  
  52  4:10  Drone  
  52  4:17  Drone x3  
  56  4:18  Drone x4  
  60  4:25  Spire  
  60  4:27  Zergling x2  
  60  4:33  Overlord  
  60  4:38  Overseer  
  59  4:40  Spine Crawler  
  59  4:41  Drone  
  59  4:43  Spine Crawler  
  58  4:47  Overlord  
  58  4:52  Drone  
  59  4:54  Drone  
  59  4:55  Drone  
  62  5:02  Hatchery, Drone  
  62  5:12  Overlord  
  62  5:17  Drone  
  62  5:19  Drone  
  64  5:22  Evolution Chamber  
  64  5:28  Drone  
  64  5:30  Roach Warren  
  63  5:37  Mutalisk x7  
  76  5:47  Drone x4  
  76  5:48  Overlord, Zerg Missile Weapons Level 1  
  80  5:53  Overlord  
  80  6:03  Extractor  
  79  6:10  Drone  
  79  6:11  Roach x4, Glial Reconstitution  
  88  6:15  Overlord  
  88  6:16  Roach  
  88  6:17  Roach x2  
  94  6:25  Roach x4  
  102  6:28  Extractor  
  100  6:33  Drone x3  
  100  6:35  Drone  
  100  6:36  Drone  
  100  6:38  Drone  
  106  6:43  Overlord  
  106  6:45  Drone x6  
  112  6:49  Drone  
  112  6:50  Overlord  
  113  6:56  Overlord  
  113  7:03  Drone  
  113  7:04  Drone  
  115  7:11  Roach x4  
  115  7:15  Drone x2  
  125  7:16  Hatchery, Evolution Chamber  
  125  7:18  Ravager x2  
  125  7:19  Ravager x2  
  125  7:20  Overlord  
  127  7:25  Roach x3  
  133  7:30  Overlord  
  133  7:38  Roach x2  
  133  7:40  Overlord  
  133  7:43  Zerg Missile Weapons Level 2  
  137  7:44  Zerg Ground Armor Level 1  
  137  7:45  Pneumatized Carapace  
  137  7:46  Overseer  
  137  7:47  Tunneling Claws  
  137  7:52  Roach x4  
  137  7:55  Ravager x2  
  137  7:58  Overlord  
  147  8:00  Roach x3  
  151  8:06  Roach x4  
  151  8:09  Overlord  
  151  8:11  Overlord  
  159  8:13  Roach  
  159  8:15  Overlord  
  159  8:17  Roach  
  161  8:25  Roach x4  
  167  8:28  Roach x2  
  167  8:30  Ravager x2  
  173  8:34  Roach x3  
  173  8:40  Roach x4  
  185  8:42  Roach  
  185  8:45  Roach x2  
  191  8:59  Roach x8  
  191  9:01  Roach x2  
  180  9:03  Roach  
  180  9:05  Roach  
  165  9:11  Roach x3  
  165  9:13  Roach x2  
  165  9:15  Roach  
  175  9:18  Roach  
  175  9:19  Roach  
  175  9:24  Ravager x3  
  182  9:25  Roach x3  
  182  9:30  Roach x3  
  194  9:34  Overlord x2  
  186  9:46  Roach x4  
  186  9:48  Roach x2  
  186  9:50  Roach x4  
  177  9:53  Roach  
  177  9:54  Roach  
  177  9:57  Roach x2  
  178  10:00  Ravager  
  178  10:03  Roach x3  
  178  10:06  Ravager  
  186  10:07  Roach  
  186  10:08  Roach  
  186  10:10  Ravager  
  191  10:14  Roach x2  
  191  10:15  Roach  
  197  10:24  Roach  
  197  10:25  Roach  
  196  10:36  Roach x2  
  196  10:38  Roach x4  
  198  10:46  Roach x2  
  198  10:48  Roach x2  
  193  10:50  Roach x2  
  193  10:51  Roach  
  193  10:52  Roach  
  195  10:59  Roach x4  
  195  11:02  Roach x6  
  185  11:05  Roach  
  185  11:10  Roach  
  182  11:11  Drone  
  182  11:13  Ravager  
  182  11:14  Roach x2  
  185  11:19  Ravager x3  
  185  11:21  Roach  
  185  11:24  Queen, Drone  
  195  11:25  Roach  
  195  11:26  Roach  
  195  11:29  Extractor  
  196  11:36  Roach x4  
  196  11:38  Drone x4  
  190  11:40  Drone  
  190  11:42  Drone  
  190  11:45  Drone  
  190  11:46  Roach  
  192  11:51  Drone  
  192  11:52  Drone  
  191  11:55  Drone x2  
  191  11:58  Ravager x2  
  195  12:01  Roach x2  
  198  12:08  Ravager  
  199  12:17  Overseer  
  199  12:26  Roach x6  
  199  12:28  Roach x3  
  199  12:29  Roach x2  
  193  12:30  Roach  
  193  12:33  Roach x2  
  199  12:40  Ravager  
  199  12:42  Roach  
  192  12:44  Roach x2  
  192  12:46  Roach  
  192  12:48  Roach  
  192  12:50  Roach  
  196  12:52  Roach  
  196  12:55  Roach x2  
  196  12:56  Roach x2  
  196  13:01  Roach x2  
  196  13:03  Ravager  
  196  13:04  Ravager  
  196  13:05  Ravager  
  199  13:06  Ravager  
  198  13:19  Roach x2  
  192  13:21  Roach x5  
  192  13:22  Roach  
  192  13:24  Roach  
  192  13:25  Roach  
  183  13:27  Roach  
  183  13:28  Ravager  
  183  13:31  Roach  
  186  13:34  Roach  
  186  13:37  Roach  
  184  13:42  Roach x2  
  184  13:46  Ravager  
  184  13:47  Roach, Ravager  
  191  13:50  Roach  
  191  13:53  Roach x2  
  191  13:55  Roach  
  197  13:59  Overseer  
  197  14:01  Roach x2  
  200  14:06  Roach x2  
  200  14:09  Roach x2  
  200  14:14  Roach  
  200  14:15  Roach  
  184  14:19  Roach x2  
  184  14:23  Roach  
  184  14:24  Roach  
  151  14:25  Roach  
  151  14:29  Roach  
  151  14:30  Roach  
  124  14:32  Roach  
  124  14:35  Roach  
  122  14:39  Ravager x5  
Tags
 
Add a new tag
Caveats
  • Supply blocks, unpowered buildings, or Contaminate may cause inaccurate times.
  • Supply counts are checked every 10 seconds.